General information
- name: BNet
- type: Ladder team game (AT/RT)
- host: Battle.net
- saver: sc2no.wc4yes
map: Friends
- players: 8
- length: 64:52
- speed: Fast
- version: 1.26 W3XP
- replay type: Public
» download(394 KB)
Players
team 1 (loser)
KaiserSosay (
blue | 56 APM | 1545 actions | 27:34)
7 Far Seer
3 Feral Spirit
1 Far Sight
2 Chain Lighting
1 Earth Quake
» actions
| Assign group hotkey | 123 | |
| Basic commands | 1 | |
| Build / train | 66 | |
| Enter build submenu | 23 | |
| Enter hero's abilities submenu | 7 | |
| Right click | 685 | |
| Select / deselect | 470 | |
| Select group hotkey | 85 | |
| Use ability | 85 | |
1545 total
» units
| Peon | 15 | |
| Grunt | 8 | |
| Shaman | 10 | |
| Tauren | 8 | |
41 total
» upgrades
| Armor | 2 | |
| Melee Weapons | 2 | |
| Shaman Training | 2 | |
| Pulverize | 1 | |
7 total
» buildings
| Barracks | 1 | |
| Orc Burrow | 11 | |
| Altar of Storms | 1 | |
| War Mill | 1 | |
| Voodoo Lounge | 2 | |
| Watch Tower | 2 | |
| Stronghold | 3 | |
| Fortress | 1 | |
| Spirit Lodge | 2 | |
| Tauren Totem | 2 | |
26 total
» build order
00:21 Barracks
00:36 Orc Burrow
00:51 Altar of Storms
01:07 War Mill
01:58 Orc Burrow
03:28 Orc Burrow
04:06 Voodoo Lounge
04:15 Orc Burrow
05:22 Watch Tower
06:31 Orc Burrow
07:00 Stronghold
07:00 Stronghold
07:00 Stronghold
07:38 Watch Tower
07:40 Orc Burrow
08:52 Orc Burrow
09:32 Fortress
09:36 Spirit Lodge
09:38 Spirit Lodge
10:12 Orc Burrow
12:01 Tauren Totem
12:02 Tauren Totem
12:46 Voodoo Lounge
12:55 Orc Burrow
26:17 Orc Burrow
26:32 Orc Burrow
» items
| Moonstone | 2 | |
| Potion of Mana | 1 | |
| Potion of Healing | 1 | |
| Scroll of Town Portal | 2 | |
6 total

»
sc2no.wc4yes (
orange | 65 APM | 4186 actions | 64:52)
8 Blood Mage
3 Flame Strike
3 Siphon Mana
1 Summon Phoenix
1 Banish
» actions
| Assign group hotkey | 119 | |
| Basic commands | 96 | |
| Build / train | 257 | |
| ESC pressed | 2 | |
| Enter build submenu | 109 | |
| Enter hero's abilities submenu | 8 | |
| Remove unit from queue | 1 | |
| Right click | 1573 | |
| Select / deselect | 557 | |
| Select group hotkey | 1006 | |
| Use ability | 458 | |
4186 total
» units
| Peasant | 71 | |
| Goblin Shredder | 6 | |
| Flying Machine | 13 | |
| Goblin Zeppelin | 3 | |
| Goblin Sapper | 4 | |
97 total
» upgrades
| Masonry | 3 | |
| Magic Sentry | 1 | |
| Gunpowder | 3 | |
| Flak Cannons | 1 | |
| Plating | 3 | |
| Flying Machine Bombs | 1 | |
12 total
» buildings
| Altar of Kings | 3 | |
| Farm | 33 | |
| Scout Tower | 168 | |
| Lumber Mill | 3 | |
| Arcane Tower | 7 | |
| Guard Tower | 68 | |
| Keep | 4 | |
| Arcane Vault | 4 | |
| Castle | 3 | |
| Arcane Sanctum | 1 | |
| Town Hall | 11 | |
| Blacksmith | 2 | |
| Workshop | 4 | |
311 total
» build order
00:11 Altar of Kings
00:21 Farm
00:49 Scout Tower
00:53 Lumber Mill
01:12 Farm
01:31 Arcane Tower
02:06 Scout Tower
02:11 Scout Tower
02:32 Scout Tower
02:37 Arcane Tower
02:42 Guard Tower
02:42 Guard Tower
02:47 Scout Tower
03:11 Guard Tower
03:13 Scout Tower
03:17 Scout Tower
03:18 Guard Tower
03:24 Farm
03:28 Scout Tower
03:46 Scout Tower
03:56 Guard Tower
03:57 Guard Tower
04:18 Keep
04:23 Guard Tower
04:25 Arcane Tower
05:18 Scout Tower
05:19 Scout Tower
05:23 Scout Tower
05:24 Scout Tower
05:24 Scout Tower
05:27 Scout Tower
05:27 Scout Tower
05:31 Scout Tower
05:31 Scout Tower
05:32 Scout Tower
05:32 Scout Tower
05:44 Keep
05:50 Guard Tower
05:54 Scout Tower
05:54 Scout Tower
05:57 Guard Tower
05:58 Guard Tower
06:22 Guard Tower
06:40 Guard Tower
06:48 Farm
06:54 Arcane Vault
07:02 Guard Tower
07:02 Guard Tower
07:02 Guard Tower
07:29 Guard Tower
07:32 Scout Tower
08:15 Guard Tower
08:15 Guard Tower
08:17 Scout Tower
08:18 Scout Tower
08:24 Castle
08:28 Guard Tower
08:52 Guard Tower
09:02 Guard Tower
09:09 Arcane Tower
09:13 Arcane Tower
10:47 Guard Tower
11:03 Arcane Sanctum
11:16 Town Hall
12:34 Guard Tower
12:35 Guard Tower
12:48 Arcane Vault
12:52 Arcane Vault
12:56 Arcane Vault
13:05 Scout Tower
13:05 Scout Tower
13:37 Guard Tower
13:39 Guard Tower
13:39 Guard Tower
13:43 Scout Tower
13:44 Scout Tower
13:45 Scout Tower
13:45 Scout Tower
13:48 Scout Tower
13:48 Scout Tower
14:23 Guard Tower
14:25 Arcane Tower
14:52 Guard Tower
15:05 Guard Tower
15:53 Lumber Mill
16:08 Guard Tower
16:09 Guard Tower
17:08 Guard Tower
17:23 Blacksmith
17:24 Blacksmith
17:30 Guard Tower
17:32 Guard Tower
17:32 Guard Tower
17:34 Guard Tower
17:55 Workshop
17:55 Workshop
17:56 Workshop
17:56 Workshop
18:13 Guard Tower
18:17 Guard Tower
18:29 Farm
18:29 Farm
18:29 Farm
18:29 Farm
18:31 Farm
19:01 Farm
19:04 Farm
19:41 Guard Tower
19:45 Scout Tower
19:46 Scout Tower
19:46 Scout Tower
19:47 Scout Tower
19:47 Scout Tower
19:48 Scout Tower
19:48 Scout Tower
19:49 Scout Tower
20:19 Guard Tower
21:43 Guard Tower
23:01 Scout Tower
23:01 Scout Tower
23:01 Scout Tower
23:01 Scout Tower
23:02 Scout Tower
23:02 Scout Tower
23:03 Scout Tower
23:03 Scout Tower
23:04 Scout Tower
23:04 Scout Tower
23:05 Scout Tower
23:05 Scout Tower
23:54 Guard Tower
23:57 Guard Tower
24:30 Farm
24:57 Scout Tower
24:57 Scout Tower
24:58 Scout Tower
24:59 Scout Tower
24:59 Scout Tower
24:59 Scout Tower
24:59 Scout Tower
25:00 Scout Tower
25:00 Scout Tower
26:03 Guard Tower
26:03 Guard Tower
26:25 Guard Tower
26:59 Guard Tower
27:17 Guard Tower
27:53 Scout Tower
27:54 Scout Tower
27:54 Scout Tower
28:26 Guard Tower
29:51 Guard Tower
29:58 Scout Tower
29:59 Scout Tower
30:00 Scout Tower
30:00 Scout Tower
30:33 Scout Tower
30:34 Scout Tower
30:35 Scout Tower
30:36 Scout Tower
30:36 Scout Tower
30:38 Scout Tower
30:38 Scout Tower
30:38 Scout Tower
30:38 Scout Tower
31:30 Guard Tower
31:30 Guard Tower
31:57 Guard Tower
32:02 Scout Tower
32:02 Scout Tower
32:03 Scout Tower
32:03 Scout Tower
32:03 Scout Tower
32:03 Scout Tower
32:04 Scout Tower
32:04 Scout Tower
32:04 Scout Tower
32:05 Scout Tower
32:05 Scout Tower
32:06 Scout Tower
32:06 Scout Tower
32:06 Scout Tower
32:07 Scout Tower
32:07 Scout Tower
32:08 Scout Tower
32:08 Scout Tower
32:08 Scout Tower
32:09 Scout Tower
32:09 Scout Tower
32:09 Scout Tower
32:09 Scout Tower
32:10 Scout Tower
32:10 Scout Tower
32:10 Scout Tower
32:11 Scout Tower
32:49 Scout Tower
32:50 Scout Tower
32:50 Scout Tower
32:50 Scout Tower
32:51 Scout Tower
32:51 Scout Tower
32:52 Scout Tower
32:52 Scout Tower
32:52 Scout Tower
32:53 Scout Tower
32:54 Scout Tower
32:54 Scout Tower
32:54 Scout Tower
32:55 Scout Tower
32:56 Scout Tower
32:56 Scout Tower
32:57 Scout Tower
32:57 Scout Tower
32:57 Scout Tower
32:58 Scout Tower
32:59 Scout Tower
32:59 Scout Tower
33:01 Scout Tower
33:01 Scout Tower
33:02 Scout Tower
33:02 Scout Tower
33:02 Scout Tower
33:31 Guard Tower
33:31 Guard Tower
33:38 Lumber Mill
33:48 Guard Tower
33:57 Guard Tower
33:59 Guard Tower
34:22 Farm
34:42 Guard Tower
34:44 Guard Tower
35:32 Guard Tower
35:36 Guard Tower
35:54 Guard Tower
36:09 Keep
36:11 Guard Tower
37:54 Farm
37:55 Farm
37:55 Farm
37:56 Farm
37:57 Farm
37:58 Farm
40:54 Town Hall
41:05 Scout Tower
41:05 Scout Tower
41:05 Scout Tower
41:06 Scout Tower
41:06 Scout Tower
41:06 Scout Tower
42:03 Farm
42:04 Farm
42:05 Farm
42:06 Farm
42:07 Farm
42:08 Farm
42:08 Farm
42:10 Farm
42:11 Farm
42:12 Farm
42:12 Farm
42:21 Town Hall
42:52 Altar of Kings
42:53 Guard Tower
44:12 Guard Tower
45:11 Town Hall
49:11 Keep
49:18 Keep
50:28 Altar of Kings
50:42 Town Hall
50:47 Town Hall
50:50 Town Hall
51:28 Town Hall
52:24 Castle
52:26 Castle
54:02 Town Hall
54:17 Farm
54:28 Farm
54:30 Farm
58:09 Scout Tower
59:36 Town Hall
59:43 Town Hall
59:53 Arcane Tower
» items
| Ivory Tower | 49 | |
| Tiny Great Hall | 2 | |
| Orb of Lightning | 1 | |
| Scroll of Town Portal | 1 | |
53 total

»
LoRd-7 (
green | 156 APM | 4821 actions | 30:55)
8 Priestess of the Moon
3 Trueshot Aura
3 Searing Arrows
1 Starfall
1 Scout
» actions
| Assign group hotkey | 29 | |
| Basic commands | 70 | |
| Build / train | 78 | |
| Enter build submenu | 13 | |
| Enter hero's abilities submenu | 8 | |
| Remove unit from queue | 1 | |
| Right click | 1564 | |
| Select / deselect | 638 | |
| Select group hotkey | 2330 | |
| Use ability | 90 | |
4821 total
» units
» upgrades
| Strength of the Moon | 3 | |
| Moon Armor | 3 | |
| Improved Bows | 1 | |
| Marksmanship | 1 | |
| Well Spring | 1 | |
9 total
» buildings
| Altar of Elders | 1 | |
| Moon Well | 7 | |
| Ancient of War | 1 | |
| Hunter's Hall | 1 | |
| Tree of Ages | 1 | |
| Ancient of Wonders | 1 | |
| Ancient Protector | 1 | |
| Tree of Eternity | 2 | |
15 total
» build order
00:27 Altar of Elders
00:32 Moon Well
01:23 Ancient of War
01:48 Moon Well
03:29 Hunter's Hall
03:32 Tree of Ages
03:56 Moon Well
05:19 Ancient of Wonders
05:47 Ancient Protector
06:50 Moon Well
07:04 Moon Well
07:10 Moon Well
07:46 Tree of Eternity
07:46 Tree of Eternity
14:03 Moon Well
» items
| Scroll of Town Portal | 5 | |
| Orb of Venom | 1 | |
| Moonstone | 1 | |
| Dust of Appearance | 1 | |
| Potion of Healing | 2 | |
| Orb of Lightning | 1 | |
| Healing Salve | 2 | |
13 total

»
Geronimo (
yellow | 20 APM | 1183 actions | 60:30)
5 Firelord
2 Summon Lava Spawn
2 Soul Burn
1 Incinerate
» actions
| Build / train | 162 | |
| Enter build submenu | 89 | |
| Enter hero's abilities submenu | 5 | |
| Remove unit from queue | 6 | |
| Right click | 245 | |
| Select / deselect | 579 | |
| Use ability | 97 | |
1183 total
» units
| Wisp | 70 | |
| Archer | 10 | |
| Huntress | 4 | |
| Hippogryph | 24 | |
| Chimaera | 11 | |
| Faerie Dragon | 3 | |
| Dryad | 6 | |
| Druid of the Claw | 2 | |
130 total
» upgrades
| Strength of the Wild | 3 | |
| Reinforced Hides | 3 | |
| Druid of the Talon Training | 2 | |
| Corrosive Breath | 1 | |
| Strength of the Moon | 1 | |
| Abolish Magic | 1 | |
| Druid of the Claw Training | 1 | |
12 total
» buildings
| Altar of Elders | 3 | |
| Moon Well | 18 | |
| Ancient of War | 3 | |
| Tree of Ages | 3 | |
| Hunter's Hall | 3 | |
| Ancient of Wonders | 2 | |
| Ancient Protector | 33 | |
| Tree of Eternity | 3 | |
| Ancient of Wind | 3 | |
| Chimaera Roost | 4 | |
| Tree of Life | 2 | |
| Ancient of Lore | 3 | |
80 total
» build order
00:14 Altar of Elders
00:25 Moon Well
00:42 Ancient of War
01:47 Moon Well
02:34 Moon Well
02:51 Ancient of War
03:57 Tree of Ages
04:15 Hunter's Hall
04:54 Ancient of Wonders
05:08 Moon Well
05:30 Ancient Protector
05:41 Ancient Protector
06:13 Ancient Protector
06:21 Tree of Eternity
07:11 Ancient of Wind
07:28 Ancient of Wind
08:54 Chimaera Roost
08:58 Ancient Protector
10:38 Chimaera Roost
11:21 Ancient Protector
11:31 Moon Well
12:42 Ancient Protector
14:29 Moon Well
22:02 Tree of Life
22:15 Moon Well
23:15 Altar of Elders
23:49 Moon Well
27:22 Tree of Ages
27:26 Ancient of War
27:34 Hunter's Hall
27:51 Moon Well
28:42 Ancient Protector
29:01 Ancient Protector
31:10 Ancient of Lore
31:17 Ancient of Lore
32:14 Ancient of Lore
32:20 Ancient Protector
33:59 Tree of Eternity
34:51 Moon Well
35:31 Ancient Protector
38:12 Tree of Life
38:29 Moon Well
40:51 Altar of Elders
41:37 Moon Well
42:04 Hunter's Hall
43:12 Ancient Protector
43:26 Ancient Protector
43:59 Ancient Protector
44:11 Ancient Protector
44:24 Ancient of Wonders
45:12 Tree of Ages
45:23 Ancient Protector
45:38 Ancient Protector
45:51 Ancient Protector
46:23 Moon Well
46:34 Ancient Protector
47:35 Tree of Eternity
47:49 Ancient of Wind
48:59 Ancient Protector
49:04 Ancient Protector
49:13 Moon Well
49:38 Tree of Eternity
49:55 Ancient Protector
50:25 Ancient Protector
50:36 Ancient Protector
50:45 Moon Well
52:03 Chimaera Roost
52:19 Ancient Protector
53:09 Chimaera Roost
53:22 Ancient Protector
53:31 Moon Well
54:04 Ancient Protector
54:14 Ancient Protector
54:45 Ancient Protector
55:00 Ancient Protector
56:19 Ancient Protector
57:06 Moon Well
57:22 Ancient Protector
57:32 Ancient Protector
57:42 Ancient Protector
58:55 Moon Well
» items
| Potion of Healing | 2 | |
| Potion of Mana | 1 | |
3 total
team 2 (winner)
Brainsludge (
red | 40 APM | 2584 actions | 64:52)
10 Tauren Chieftain
3 Shockwave
3 Endurance Aura
1 Reincarnation
3 War Stomp
» actions
| Assign group hotkey | 52 | |
| Basic commands | 360 | |
| Build / train | 116 | |
| Enter build submenu | 52 | |
| Enter hero's abilities submenu | 10 | |
| Give item / drop item | 1 | |
| Remove unit from queue | 1 | |
| Right click | 554 | |
| Select / deselect | 653 | |
| Select group hotkey | 662 | |
| Use ability | 123 | |
2584 total
» units
| Peon | 25 | |
| Grunt | 5 | |
| Shaman | 17 | |
| Tauren | 12 | |
| Troll Headhunter/Berserker | 5 | |
| Demolisher | 12 | |
| Troll Batrider | 4 | |
| Goblin Zeppelin | 1 | |
81 total
» upgrades
| Armor | 3 | |
| Shaman Training | 2 | |
| Pulverize | 1 | |
| Berserker Strength | 1 | |
| Backpack | 1 | |
| Reinforced Defenses | 1 | |
| Melee Weapons | 2 | |
| Burning Oil | 1 | |
| Ranged Weapons | 3 | |
| Liquid Fire | 1 | |
16 total
» buildings
| Altar of Storms | 1 | |
| Orc Burrow | 8 | |
| Barracks | 2 | |
| War Mill | 1 | |
| Stronghold | 1 | |
| Voodoo Lounge | 1 | |
| Fortress | 1 | |
| Spirit Lodge | 2 | |
| Tauren Totem | 3 | |
| Great Hall | 4 | |
| Watch Tower | 24 | |
| Beastiary | 3 | |
51 total
» build order
00:19 Altar of Storms
00:20 Orc Burrow
00:48 Barracks
01:37 Orc Burrow
02:24 War Mill
04:26 Stronghold
04:29 Orc Burrow
04:41 Voodoo Lounge
06:48 Fortress
06:56 Spirit Lodge
07:05 Spirit Lodge
09:13 Orc Burrow
09:17 Tauren Totem
09:22 Tauren Totem
09:46 Tauren Totem
09:58 Orc Burrow
11:38 Orc Burrow
14:10 Great Hall
14:31 Great Hall
24:38 Watch Tower
24:42 Orc Burrow
27:27 Great Hall
30:49 Great Hall
30:52 Watch Tower
30:55 Watch Tower
31:45 Watch Tower
31:47 Watch Tower
33:16 Watch Tower
34:24 Watch Tower
34:48 Watch Tower
35:17 Watch Tower
35:22 Watch Tower
37:38 Watch Tower
37:41 Watch Tower
39:12 Watch Tower
39:15 Watch Tower
40:08 Barracks
41:32 Watch Tower
41:50 Watch Tower
41:52 Watch Tower
42:46 Watch Tower
43:07 Watch Tower
43:10 Watch Tower
43:53 Watch Tower
44:06 Orc Burrow
45:39 Watch Tower
45:42 Watch Tower
45:45 Watch Tower
61:43 Beastiary
61:51 Beastiary
61:57 Beastiary
» items
| Scroll of Town Portal | 3 | |
| Healing Salve | 1 | |
| Orb of Lightning | 1 | |
5 total
pimp2dagamee (
purple | 35 APM | 2265 actions | 64:52)
7 Keeper of the Grove
3 Force of Nature
2 Entangling Roots
1 Tranquility
1 Thorns Aura
7 Priestess of the Moon
3 Searing Arrows
3 Trueshot Aura
1 Starfall
» actions
| Build / train | 174 | |
| Enter build submenu | 41 | |
| Enter hero's abilities submenu | 14 | |
| Give item / drop item | 1 | |
| Remove unit from queue | 1 | |
| Right click | 1104 | |
| Select / deselect | 786 | |
| Use ability | 144 | |
2265 total
» units
| Wisp | 59 | |
| Archer | 10 | |
| Chimaera | 23 | |
| Hippogryph | 38 | |
130 total
» upgrades
| Well Spring | 1 | |
| Corrosive Breath | 1 | |
| Strength of the Wild | 3 | |
| Reinforced Hides | 3 | |
8 total
» buildings
| Altar of Elders | 1 | |
| Moon Well | 8 | |
| Ancient of War | 1 | |
| Tree of Ages | 2 | |
| Ancient of Wonders | 1 | |
| Tree of Life | 10 | |
| Tree of Eternity | 2 | |
| Ancient of Wind | 3 | |
| Hunter's Hall | 1 | |
| Chimaera Roost | 3 | |
| Ancient Protector | 11 | |
43 total
» build order
00:26 Altar of Elders
00:33 Moon Well
00:55 Ancient of War
01:43 Moon Well
02:43 Moon Well
03:24 Tree of Ages
04:31 Moon Well
04:37 Ancient of Wonders
06:57 Tree of Life
07:02 Tree of Eternity
07:07 Moon Well
07:11 Moon Well
07:13 Ancient of Wind
07:33 Ancient of Wind
09:20 Hunter's Hall
09:43 Chimaera Roost
09:46 Chimaera Roost
10:19 Chimaera Roost
12:09 Ancient Protector
12:11 Ancient Protector
12:13 Ancient Protector
14:24 Moon Well
15:04 Moon Well
22:15 Tree of Life
23:40 Ancient of Wind
24:27 Tree of Life
24:42 Tree of Life
28:20 Ancient Protector
28:22 Ancient Protector
28:25 Ancient Protector
28:29 Ancient Protector
28:49 Tree of Life
30:08 Tree of Life
34:03 Tree of Life
36:59 Tree of Life
42:14 Tree of Life
42:22 Ancient Protector
42:58 Ancient Protector
43:03 Ancient Protector
44:52 Tree of Life
52:51 Ancient Protector
54:32 Tree of Ages
57:58 Tree of Eternity
» items

»
Iris(PoKeMoN)BW (
teal | 59 APM | 3856 actions | 64:52)
9 Naga Sea Witch
3 Frost Arrows
3 Mana Shield
1 Tornado
2 Forked Lightning
8 Priestess of the Moon
3 Trueshot Aura
3 Searing Arrows
1 Starfall
1 Scout
» actions
| Assign group hotkey | 3 | |
| Basic commands | 91 | |
| Build / train | 108 | |
| ESC pressed | 9 | |
| Enter build submenu | 35 | |
| Enter hero's abilities submenu | 19 | |
| Give item / drop item | 3 | |
| Remove unit from queue | 2 | |
| Right click | 2449 | |
| Select / deselect | 939 | |
| Select group hotkey | 17 | |
| Use ability | 181 | |
3856 total
» units
| Wisp | 25 | |
| Archer | 20 | |
| Hippogryph | 11 | |
| Goblin Zeppelin | 8 | |
64 total
» upgrades
| Strength of the Moon | 3 | |
| Moon Armor | 2 | |
| Improved Bows | 1 | |
| Hippogryph Taming | 1 | |
| Ultravision | 1 | |
| Marksmanship | 1 | |
9 total
» buildings
| Altar of Elders | 1 | |
| Moon Well | 11 | |
| Ancient of War | 6 | |
| Ancient of Wonders | 1 | |
| Tree of Ages | 5 | |
| Hunter's Hall | 1 | |
| Ancient of Wind | 2 | |
| Tree of Eternity | 2 | |
| Tree of Life | 10 | |
39 total
» build order
00:28 Altar of Elders
00:29 Moon Well
01:08 Ancient of War
01:51 Moon Well
02:56 Moon Well
03:12 Ancient of Wonders
05:06 Tree of Ages
05:06 Tree of Ages
05:39 Hunter's Hall
07:21 Moon Well
07:27 Ancient of Wind
07:30 Ancient of Wind
10:07 Moon Well
12:26 Tree of Eternity
12:26 Tree of Eternity
13:22 Tree of Life
15:40 Moon Well
19:34 Tree of Ages
19:34 Tree of Ages
23:27 Moon Well
23:28 Moon Well
23:30 Moon Well
24:27 Ancient of War
26:55 Tree of Life
26:57 Ancient of War
26:58 Ancient of War
27:00 Moon Well
31:27 Tree of Life
31:30 Ancient of War
31:33 Ancient of War
31:55 Tree of Life
31:58 Tree of Life
32:05 Tree of Life
34:06 Tree of Life
34:12 Tree of Life
34:15 Tree of Life
36:03 Moon Well
58:02 Tree of Life
» items
| Healing Salve | 1 | |
| Lesser Clarity Potion | 2 | |
3 total

»
AxeOfDoom (
pink | 44 APM | 2866 actions | 64:52)
5 Blademaster
3 Wind Walk
2 Critical Strike
8 Shadow Hunter
3 Healing Wave
2 Hex
1 Big Bad Voodoo
2 Serpent Ward
» actions
| Assign group hotkey | 24 | |
| Basic commands | 2 | |
| Build / train | 54 | |
| ESC pressed | 6 | |
| Enter build submenu | 20 | |
| Enter hero's abilities submenu | 14 | |
| Give item / drop item | 1 | |
| Right click | 1335 | |
| Select / deselect | 446 | |
| Select group hotkey | 806 | |
| Use ability | 158 | |
2866 total
» units
| Peon | 7 | |
| Grunt | 6 | |
| Troll Witch Doctor | 3 | |
| Raider | 4 | |
| Demolisher | 2 | |
| Troll Batrider | 3 | |
25 total
» upgrades
| Armor | 1 | |
| Witch Doctor Training | 2 | |
| Envenomed Spears | 1 | |
| Pillage | 1 | |
| Ensnare | 1 | |
| Melee Weapons | 1 | |
| Liquid Fire | 1 | |
8 total
» buildings
| Altar of Storms | 1 | |
| Orc Burrow | 9 | |
| Barracks | 1 | |
| Voodoo Lounge | 1 | |
| War Mill | 1 | |
| Stronghold | 1 | |
| Beastiary | 2 | |
| Spirit Lodge | 1 | |
| Fortress | 1 | |
| Great Hall | 2 | |
20 total
» build order
00:06 Altar of Storms
00:12 Orc Burrow
00:49 Barracks
01:29 Orc Burrow
01:57 Voodoo Lounge
02:28 War Mill
04:12 Stronghold
05:27 Orc Burrow
06:45 Beastiary
06:46 Beastiary
06:49 Spirit Lodge
06:51 Fortress
08:17 Orc Burrow
08:20 Orc Burrow
08:23 Orc Burrow
14:52 Orc Burrow
17:45 Orc Burrow
24:13 Great Hall
24:32 Orc Burrow
27:54 Great Hall
» items
| Healing Salve | 2 | |
| Potion of Healing | 1 | |
| Orb of Lightning | 1 | |
4 total
Chat log
(00:13 / Allies) LoRd-7: omg again this map... :/
(00:19 / Allies) Geronimo: rush
(00:19 / Allies) LoRd-7: 3 times... oO
(00:25 / Allies) KaiserSosay: k
(00:25 / Allies) KaiserSosay: rush
(00:35 / Allies) sc2no.wc4yes: i always thought it was soze
(02:21 / Allies) KaiserSosay: orange u going units?
(02:23 / Allies) KaiserSosay: or u teching
(02:38 / Allies) KaiserSosay: let the team kno
(02:40 / Allies) KaiserSosay: or ill creep
(02:42 / Allies) KaiserSosay: and wont rush
(03:04 / Allies) sc2no.wc4yes: i dont get on your ass about your idle peons and how yorue feeding that bm xp
(03:06 / Allies) sc2no.wc4yes: you dont bother me
(03:34 / Allies) KaiserSosay: thats the first thing u say
(03:44 / Allies) sc2no.wc4yes: you have formation movement on
(03:46 / Allies) Geronimo: we meetin whats goin on?
(04:08 / Allies) KaiserSosay: cc
(08:40 / Allies) LoRd-7: ...
(09:07 / Allies) Geronimo: wood plx
(11:03 / Allies) KaiserSosay: b
(15:26 / Allies) KaiserSosay: mass those hipps
(15:47 / Allies) Geronimo: i got em dont worry
(15:51 / Allies) KaiserSosay: cool
(16:03 / Allies) KaiserSosay: not smart
(16:05 / Allies) KaiserSosay: 2 hit a man down
(16:14 / Allies) sc2no.wc4yes: olmao
(16:18 / Allies) sc2no.wc4yes: u need a blim-p
(16:24 / Allies) sc2no.wc4yes: HELP
(16:30 / Allies) sc2no.wc4yes: someone TP
(16:54 / Allies) sc2no.wc4yes: so thats how it is huh
(16:58 / Allies) KaiserSosay: no
(17:00 / Allies) KaiserSosay: i dont have aa
(17:01 / Allies) KaiserSosay: dude
(17:15 / Allies) KaiserSosay: b
(17:40 / Allies) KaiserSosay: on it
(17:49 / Allies) Geronimo: jus got raped
(18:15 / Allies) LoRd-7: ôð
(18:17 / All) LoRd-7: tp
(18:22 / Allies) KaiserSosay: back
(20:44 / Allies) sc2no.wc4yes: man they cleareed every red spot on the map and made chippo
(20:50 / Allies) sc2no.wc4yes: we cleared 2 orange spots and got bloodlust and archers
(20:58 / Allies) KaiserSosay: we cleared
(21:01 / Allies) KaiserSosay: every red spot
(21:01 / Allies) KaiserSosay: dude
(21:13 / Allies) KaiserSosay: thats 4 spots
(21:14 / Allies) KaiserSosay: ur wrong
(21:27 / Allies) sc2no.wc4yes: i think more importabntly
(21:31 / Allies) sc2no.wc4yes: they had 2.5 mines each
(21:40 / Allies) KaiserSosay: we were rushing
(21:48 / Allies) KaiserSosay: u didnt speak up
(22:33 / Allies) KaiserSosay: u have any men orange
(22:34 / Allies) KaiserSosay: 2 help
(22:36 / Allies) KaiserSosay: no?
(22:44 / Allies) KaiserSosay: just alot of useless towers
(22:46 / Allies) KaiserSosay: oh great
(23:16 / Allies) sc2no.wc4yes: those useless towera re why we have any buildings left on the mpa
(23:22 / Allies) KaiserSosay: cuz u had no men
(23:23 / Allies) KaiserSosay: 2 help
(23:25 / Allies) KaiserSosay: with rush
(23:31 / Allies) sc2no.wc4yes: i could have had 99 food of gryphs and we woulda lost
(23:36 / Allies) KaiserSosay: u didnt even speak up
(23:44 / Allies) KaiserSosay: its not about that
(23:47 / Allies) KaiserSosay: its about thinking ur good
(23:49 / Allies) KaiserSosay: when u dont speak
(23:51 / Allies) KaiserSosay: and dont say shit
(24:08 / Allies) Geronimo: got men
(24:11 / Allies) KaiserSosay: yea
(24:13 / Allies) sc2no.wc4yes: so if i had talked more
(24:15 / Allies) KaiserSosay: they do me more good there
(24:16 / Allies) sc2no.wc4yes: you would have expod
(24:16 / Allies) sc2no.wc4yes: ?
(24:20 / Allies) KaiserSosay: if u would of said
(24:21 / Allies) KaiserSosay: im not rushing
(24:25 / Allies) KaiserSosay: imma just tower the middle
(24:27 / Allies) KaiserSosay: and not build men
(24:32 / Allies) KaiserSosay: i would of done something else
(24:41 / Allies) LoRd-7: g0 blue
(24:44 / Allies) KaiserSosay: no point
(25:01 / Allies) KaiserSosay: hit them
(25:03 / Allies) KaiserSosay: bring the coptters
(25:36 / Allies) LoRd-7: b
(26:36 / Allies) KaiserSosay: why are u still buidlging towers
(26:39 / Allies) KaiserSosay: build grphhs
(26:40 / Allies) KaiserSosay: man
(27:11 / Allies) LoRd-7: make units omg
(27:16 / Allies) KaiserSosay: ur trash
(27:27 / Allies) sc2no.wc4yes: im at 70 food
(27:28 / Allies) LoRd-7: shop
(27:32 / Allies) KaiserSosay: u blow
(27:36 / Allies) sc2no.wc4yes: 1v1?
(29:16 / Allies) sc2no.wc4yes: theyve got like 15 level 10 heros now thanks to you guys
(30:09 / Allies) sc2no.wc4yes: just watching the show huh?
(30:51 / Allies) LoRd-7: lol
(34:44 / Allies) Geronimo: gold me oj
(34:53 / Allies) sc2no.wc4yes: for what
(35:00 / Allies) Geronimo: units
(35:01 / Allies) sc2no.wc4yes: their heros could solo a 99 food lore army
(45:48 / All) sc2no.wc4yes: it wasnt enough for them to get raped
(45:53 / All) sc2no.wc4yes: they had to build enough shit to level 20 heros to 6
(45:55 / All) sc2no.wc4yes: then get raped
(47:09 / All) sc2no.wc4yes: lmao my ally is very slowly amassing night elf towers
(51:41 / All) Iris(PoKeMoN)BW: gg?
(54:51 / All) pimp2dagamee: oj you're a noob
(56:31 / All) Iris(PoKeMoN)BW: gg
(56:42 / All) Geronimo: gg
(57:33 / All) AxeOfDoom: BYE
(57:42 / Allies) sc2no.wc4yes: can i have some of that gold back
(58:15 / All) Iris(PoKeMoN)BW: lol
(59:27 / All) Iris(PoKeMoN)BW: gg
(60:08 / All) Iris(PoKeMoN)BW: lol
(60:18 / All) Geronimo: i have 2 more just liek that
(60:24 / All) Iris(PoKeMoN)BW: ima do that one day oj
(62:58 / All) pimp2dagamee: oj ur a bitch
(63:00 / All) pimp2dagamee: leave noob
(63:06 / All) sc2no.wc4yes: only if you agree to 1v1 me
(63:22 / All) Iris(PoKeMoN)BW: who?
(63:28 / All) sc2no.wc4yes: the smack talker
(63:31 / All) Iris(PoKeMoN)BW: lol
(64:07 / All) sc2no.wc4yes: lol jhokes on u i have no gold to build anymore
(64:22 / All) AxeOfDoom: lol
(64:40 / All) sc2no.wc4yes: well gg
(64:43 / All) Iris(PoKeMoN)BW: gg
(64:45 / All) sc2no.wc4yes: my towers fired many arrows this game
(64:48 / All) sc2no.wc4yes: thats all i really wanted